 Dungeon Crawl Stone Soup version 0.27.1 (webtiles) character file.

Game seed: 7193381407615795288

373 Kala the Insei (level 6, -13/38 HPs)
             Began as an Octopode Transmuter on Sept 1, 2021.
             Was a Follower of Wu Jian.
             Blown up by Ijyb (31 damage)
             ... with a mindburst bolt
             ... on level 3 of the Dungeon.
             The game lasted 00:11:57 (3334 turns).

Kala the Insei (Octopode Transmuter)                Turns: 3334, Time: 00:11:58

Health: -13/38     AC:  2    Str: 11    XL:     6   Next: 71%
Magic:  7/10       EV: 19    Int: 16    God:    Wu Jian [*.....]
Gold:   88         SH:  0    Dex: 17    Spells: 5/11 levels left

rFire    . . .     SeeInvis .     - Unarmed
rCold    . . .     Faith    .   (shield currently unavailable)
rNeg     . . .     Spirit   .   (helmet currently unavailable)
rPois    x         Reflect  .   c - amulet of regeneration
rElec    .         Harm     .   (no ring)
rCorr    .         Rampage  .   (no ring)
Will     .....                  (no ring)
Stlth    +++.......             (no ring)
HPRegen  1.12/turn              (no ring)
MPRegen  0.12/turn              (no ring)
                                (no ring)
                                (no ring)

@: spider-form
A: venomous fangs, almost no armour, (amphibious), 8 rings, tiny, (camouflage
1), (gelatinous body 1), (nimble swimmer 1), (tentacles)
a: End Transformation, Renounce Religion


You were on level 3 of the Dungeon.
You worshipped Wu Jian.
Wu Jian was aware of your devotion.
You were a venomous arachnid creature.
You visited 1 branch of the dungeon, and saw 3 of its levels.

You collected 88 gold pieces.

Inventory:

Jewellery
 c - an amulet of regeneration (around neck)
Wands
 g - a wand of flame (24)
Scrolls
 e - a scroll of identify
Potions
 a - a potion of resistance {unknown}
 b - 2 potions of brilliance
 d - 2 potions of curing {unknown}
 f - 2 potions of flight {unknown}


   Skills:
 + Level 1.3 Fighting
 + Level 2.4 Dodging
 * Level 4.1 Stealth
 - Level 1.8 Shields
 + Level 4.3 Unarmed Combat
 * Level 3.0 Spellcasting
 * Level 3.0 Transmutations
 * Level 2.1 Poison Magic


You had 5 spell levels left.
You knew the following spells:

 Your Spells              Type           Power      Damage    Failure   Level
a - Beastly Appendage     Tmut           24%        N/A       16%         1
b - Wereblood             Tmut           12%        N/A       22%         2
c - Spider Form           Tmut/Pois      5%         N/A       38%         3

Your spell library contained the following spells:

 Spells                   Type           Power      Damage    Failure   Level
 Frozen Ramparts          Ice            4%         1d2       71%         3
 Ice Form                 Ice/Tmut       7%         N/A       86%         4
 Summon Ice Beast         Ice/Summ       2%         N/A       96%         4


Dungeon Overview and Level Annotations

Branches:
Dungeon (3/15)

Altars:
Trog
Wu Jian
Xom

Annotations:
D:3 Ijyb


Innate Abilities, Weirdness & Mutations

You are a venomous arachnid creature.
You have poisonous fangs.
You are tiny and dextrous.
Your spellcasting is less reliable in this form.
Your armour is entirely melded.
You are incapable of wielding weapons or throwing items.
You cannot wear most types of armour.
((You are amphibious.))
You can wear up to eight rings at the same time.
((Your skin changes colour to match your surroundings (Stealth+).))
((Your rubbery body absorbs attacks. (AC +1, EV +1)))
((You are camouflaged near water. (Stealth+)))
((You have tentacles for arms and can constrict up to eight enemies at once.))


Message History

Terence is moderately wounded.
Terence hits you with a +0 short sword.
You hit Terence.
Terence is severely wounded.
Terence says, "Rest in peace."
Terence completely misses you.
You hit Terence.
Terence looks as sick as possible!
Terence is severely wounded.
You hit Terence but do no damage.
Terence looks as sick as possible!
Terence is almost dead.
You kill Terence!
The Council accepts your kill.
Your Spellcasting skill increases to level 3!
Your transformation has ended.
Things that are here:
a +0 short sword; a +2 scale mail of positive energy
g - a wand of flame (24)
Found 15 gold pieces.
An endoplasm comes into view.
Found a fuming puce potion.
An endoplasm is nearby!
Ijyb the Twisted Goblin comes into view.
She is wielding a +0 dagger and carrying a wand of mindburst (15).
Found a stone staircase leading down and a stone staircase leading up.
Ijyb shouts!
The endoplasm quivers.
A goblin comes into view. It is wielding a +0 dagger.
Ijyb zaps a wand.
Your mind is blasted!
Ouch! That really hurt!
* * * LOW HITPOINT WARNING * * *
Casting: Spider Form (quite dangerous; 19% risk of failure)
Confirm with . or Enter, or press ? or * to list all spells.
The spell is quite dangerous to cast (19% risk of failure)!
Continue anyway?
You turn into a venomous arachnid creature.
You are too injured to fight recklessly!
You lunge at the endoplasm.
You hit the endoplasm.
You kill the endoplasm!
The Council accepts your kill.
Ijyb zaps a wand.
Your mind is blasted!
Ouch! That really hurt!
You die...

...# #..##..# #.# ##### ###
.### #..##..# #.# .# .#
#..##..# #.# . .####.#
#..##..###.# .<
......###.)......... ...
...........###.### ....
...............# ..!⌠.
....######.###.########......
....######......s..g.....⌠...
...........###.#######.$....>
..#............# ###...g
################ ... #


You could see Ijyb.

Vanquished Creatures
  Sigmund (D:3)
  A centaur zombie (D:3)
  An orc priest (D:3)
  Terence (D:3)
  6 adders
  A worm (D:2)
  5 dart slugs
  4 orcs (D:3)
  4 bats
  6 endoplasms
  3 giant cockroaches (D:2)
  A goblin (D:2)
  5 hobgoblins
  2 jackals (D:2)
  9 kobolds
  6 ball pythons
  5 frilled lizards
  5 rats
66 creatures vanquished.

Notes
Turn   | Place    | Note
-------+----------+-------------------------------------------
     0 | D:1      | Kala the Octopode Transmuter began the quest for the Orb.
     0 | D:1      | Reached XP level 1. HP: 13/13 MP: 3/3
   502 | D:1      | Reached XP level 2. HP: 18/18 MP: 3/5
  1401 | D:1      | Found a shimmering altar of Xom.
  1422 | D:1      | Reached XP level 3. HP: 23/23 MP: 6/6
  1871 | D:2      | Reached skill level 1 in Stealth
  2025 | D:2      | Found a bloodstained altar of Trog.
  2169 | D:2      | Reached XP level 4. HP: 11/28 MP: 7/7
  2595 | D:2      | Reached skill level 1 in Poison Magic
  2715 | D:2      | Reached skill level 1 in Shields
  2735 | D:2      | Found a faded altar of an unknown god.
  2740 | D:2      | Became a worshipper of the Wu Jian Council
  2740 | D:2      | Reached * piety under Wu Jian
  2913 | D:3      | Noticed Sigmund
  2921 | D:3      | Killed Sigmund
  2922 | D:3      | Reached XP level 5. HP: 33/33 MP: 6/9
  2922 | D:3      | Reached XP level 6. HP: 38/38 MP: 6/10
  2925 | D:3      | Learned a level 2 spell: Wereblood
  2929 | D:3      | Learned a level 3 spell: Spider Form
  3280 | D:3      | Noticed Terence
  3291 | D:3      | Killed Terence
  3325 | D:3      | Noticed Ijyb
  3334 | D:3      | Blown up by Ijyb

Illustrated notes

Levels and vault maps discovered:
D:1:      dpeg_arrival_water_altar, layout_loops_corners,
          hangedman_abyss_or_decor_stabs, minmay_quantized
D:2:      layout_rooms, basic_ecumenical_altar, basic_altar, grunt_ministairs_9,
          minmay_box_of_dots
D:3:      layout_loops_ring, grunt_ministairs_10, uniq_terence, uniq_ijyb,
          uniq_crazy_yiuf_cottage, uniq_sigmund

Skill      XL: |  1  2  3  4  5  6 |
---------------+-------------------+-----
Stealth        | 1 3 4 |  4.1
Poison Magic   | 1 2 |  2.1
Shields        | 1 |  1.8
Unarmed Combat | 4 |  4.3
Transmutations | 3 |  3.0
Spellcasting   | 3 |  3.0
Fighting       | |  1.3
Dodging        | |  2.4

Action                   |  1- 3 |  4- 6 || total
-------------------------+-------+-------++-------
Melee: Unarmed           |    80 |    79 ||   159
       Constrict         |    22 |    13 ||    35
       Kick              |    12 |     9 ||    21
       Tentacles         |    11 |    11 ||    22
       Punch             |       |     2 ||     2
 Cast: Beastly Appendage |    20 |    12 ||    32
       Spider Form       |       |     3 ||     3
Invok: Lunge             |       |     9 ||     9
  Use: Scroll            |       |     3 ||     3
       Potion            |       |     3 ||     3
 Stab: Sleeping          |     8 |     8 ||    16
       Distracted        |       |     1 ||     1
Armor: Skin              |     4 |     5 ||     9
Dodge: Dodged            |    39 |    49 ||    88
